General information
- name: BNet
- type: Ladder team game (AT/RT)
- host: Battle.net
- saver: Deathmask
map: DragonFalls
- players: 8
- length: 57:15
- speed: Fast
- version: 1.26 W3XP
- replay type: Public
» download(356 KB)
Players
team 1 (loser)

»
bulbasaur_pwns (
blue | 42 APM | 1127 actions | 27:06)
6 Archmage
3 Blizzard
2 Brilliance Aura
1 Mass Teleport
» actions
| Assign group hotkey | 32 | |
| Basic commands | 103 | |
| Build / train | 107 | |
| Enter build submenu | 29 | |
| Enter hero's abilities submenu | 6 | |
| Remove unit from queue | 6 | |
| Right click | 181 | |
| Select / deselect | 322 | |
| Select group hotkey | 288 | |
| Use ability | 53 | |
1127 total
» units
| Peasant | 29 | |
| Rifleman | 25 | |
| Priest | 10 | |
| Spell Breaker | 4 | |
68 total
» upgrades
| Gunpowder | 3 | |
| Masonry | 2 | |
| Armor | 3 | |
| Long Rifles | 1 | |
| Lumber Harvesting | 1 | |
| Priest Training | 2 | |
| Sorceress Training | 0 | |
| Magic Sentry | 1 | |
13 total
» buildings
| Farm | 10 | |
| Altar of Kings | 1 | |
| Barracks | 1 | |
| Blacksmith | 1 | |
| Lumber Mill | 1 | |
| Scout Tower | 9 | |
| Keep | 1 | |
| Arcane Tower | 2 | |
| Arcane Vault | 1 | |
| Town Hall | 1 | |
| Arcane Sanctum | 1 | |
| Castle | 1 | |
| Guard Tower | 3 | |
33 total
» build order
00:23 Farm
00:36 Altar of Kings
01:00 Barracks
01:20 Farm
02:07 Blacksmith
02:14 Lumber Mill
02:27 Farm
03:03 Scout Tower
03:56 Keep
03:59 Farm
04:03 Arcane Tower
04:12 Arcane Vault
04:50 Farm
05:13 Scout Tower
05:55 Arcane Tower
06:08 Farm
07:23 Farm
08:20 Town Hall
08:36 Arcane Sanctum
10:16 Farm
11:16 Farm
11:58 Castle
12:08 Farm
24:05 Scout Tower
24:08 Scout Tower
24:10 Scout Tower
24:38 Guard Tower
24:41 Guard Tower
24:56 Scout Tower
24:58 Scout Tower
25:40 Guard Tower
25:42 Scout Tower
25:44 Scout Tower
» items
| Lesser Clarity Potion | 1 | |
| Potion of Healing | 2 | |
| Scroll of Regeneration | 1 | |
| Scroll of Town Portal | 2 | |
6 total
AznVen (
red | 43 APM | 2444 actions | 57:13)
10 Mountain King
3 Storm Bolt
3 Thunder Clap
1 Avatar
3 Bash
1 Archmage
1 Brilliance Aura
» actions
| Basic commands | 140 | |
| Build / train | 195 | |
| Enter build submenu | 49 | |
| Enter hero's abilities submenu | 11 | |
| Give item / drop item | 5 | |
| Remove unit from queue | 16 | |
| Right click | 826 | |
| Select / deselect | 1022 | |
| Use ability | 179 | |
2444 total
» units
| Peasant | 18 | |
| Footman | 4 | |
| Satyr Shadowdancer | 1 | |
| Furbolg Shaman | 2 | |
| Knight | 39 | |
| Priest | 13 | |
| Siege Engine | 19 | |
| Wind Rider | 16 | |
| Spell Breaker | 2 | |
| Mortar Team | 1 | |
| Sorceress | 8 | |
| Peon | 4 | |
127 total
» upgrades
| Defend | 1 | |
| Masonry | 2 | |
| Lumber Harvesting | 2 | |
| Swords | 3 | |
| Plating | 2 | |
| Animal War Training | 1 | |
| Magic Sentry | 1 | |
| Priest Training | 2 | |
| Gunpowder | 2 | |
| Armor | 2 | |
| Barrage | 1 | |
| Ranged Weapons | 1 | |
20 total
» buildings
| Farm | 12 | |
| Altar of Kings | 1 | |
| Barracks | 2 | |
| Lumber Mill | 1 | |
| Scout Tower | 17 | |
| Arcane Tower | 1 | |
| Keep | 1 | |
| Arcane Vault | 1 | |
| Blacksmith | 1 | |
| Castle | 1 | |
| Arcane Sanctum | 1 | |
| Town Hall | 2 | |
| Guard Tower | 8 | |
| Workshop | 2 | |
51 total
» build order
00:50 Farm
00:57 Altar of Kings
01:37 Farm
01:52 Barracks
02:10 Lumber Mill
02:13 Farm
02:17 Farm
02:35 Scout Tower
03:02 Arcane Tower
03:47 Farm
04:06 Keep
04:09 Farm
04:37 Arcane Vault
04:51 Farm
05:00 Blacksmith
05:33 Farm
05:47 Farm
06:39 Castle
07:54 Barracks
07:58 Farm
08:06 Arcane Sanctum
09:42 Town Hall
12:32 Scout Tower
12:34 Scout Tower
12:38 Scout Tower
12:40 Scout Tower
12:43 Farm
12:46 Scout Tower
12:49 Scout Tower
13:26 Guard Tower
13:35 Scout Tower
13:37 Scout Tower
13:40 Scout Tower
13:44 Guard Tower
13:46 Scout Tower
13:48 Scout Tower
14:22 Scout Tower
14:25 Guard Tower
14:29 Guard Tower
14:31 Scout Tower
14:52 Farm
14:53 Guard Tower
20:57 Workshop
21:00 Workshop
23:51 Guard Tower
32:00 Scout Tower
32:55 Scout Tower
37:32 Town Hall
38:59 Scout Tower
39:12 Guard Tower
40:58 Guard Tower
» items
| Scroll of Regeneration | 2 | |
| Lesser Clarity Potion | 2 | |
| Scroll of Town Portal | 2 | |
| Circlet of Nobility | 1 | |
| Potion of Lesser Invulnerability | 1 | |
| Boots of Speed | 1 | |
| Orb of Lightning | 1 | |
| Staff of Teleportation | 1 | |
11 total
AirborneSwine (
green | 44 APM | 1241 actions | 28:03)
5 Blademaster
2 Wind Walk
3 Critical Strike
» actions
| Assign group hotkey | 34 | |
| Basic commands | 27 | |
| Build / train | 76 | |
| ESC pressed | 21 | |
| Enter build submenu | 22 | |
| Enter hero's abilities submenu | 5 | |
| Right click | 344 | |
| Select / deselect | 212 | |
| Select group hotkey | 349 | |
| Use ability | 151 | |
1241 total
» units
| Peon | 8 | |
| Troll Batrider | 13 | |
| Raider | 28 | |
49 total
» upgrades
| Ranged Weapons | 2 | |
| Armor | 4 | |
| Liquid Fire | 1 | |
| Melee Weapons | 3 | |
| Ensnare | 1 | |
| Pillage | 1 | |
12 total
» buildings
| Altar of Storms | 1 | |
| Orc Burrow | 5 | |
| Voodoo Lounge | 1 | |
| Stronghold | 1 | |
| War Mill | 1 | |
| Beastiary | 2 | |
| Fortress | 1 | |
| Great Hall | 1 | |
| Watch Tower | 6 | |
19 total
» build order
00:06 Altar of Storms
00:08 Orc Burrow
01:00 Voodoo Lounge
02:23 Stronghold
03:56 War Mill
03:59 Orc Burrow
04:01 Orc Burrow
04:49 Beastiary
04:49 Beastiary
07:56 Orc Burrow
08:13 Orc Burrow
08:57 Fortress
19:55 Great Hall
24:49 Watch Tower
24:50 Watch Tower
24:52 Watch Tower
27:00 Watch Tower
27:00 Watch Tower
27:02 Watch Tower
» items
| Lesser Clarity Potion | 2 | |
| Healing Salve | 4 | |
6 total
Crank2 (
pink | 56 APM | 2108 actions | 37:48)
9 Mountain King
3 Storm Bolt
3 Bash
1 Avatar
2 Thunder Clap
7 Paladin
3 Holy Light
2 Divine Shield
1 Resurrection
1 Devotion Aura
» actions
| Basic commands | 46 | |
| Build / train | 127 | |
| Enter build submenu | 27 | |
| Enter hero's abilities submenu | 16 | |
| Give item / drop item | 5 | |
| Right click | 1118 | |
| Select / deselect | 600 | |
| Use ability | 169 | |
2108 total
» units
| Peasant | 22 | |
| Footman | 8 | |
| Gryphon Rider | 18 | |
| Siege Engine | 10 | |
| Green Dragon | 2 | |
60 total
» upgrades
| Defend | 1 | |
| Swords | 3 | |
| Plating | 3 | |
| Gunpowder | 3 | |
| Armor | 3 | |
| Lumber Harvesting | 1 | |
| Barrage | 1 | |
| Masonry | 2 | |
| Animal War Training | 1 | |
| Storm Hammers | 1 | |
19 total
» buildings
| Lumber Mill | 2 | |
| Altar of Kings | 1 | |
| Farm | 11 | |
| Barracks | 2 | |
| Scout Tower | 2 | |
| Arcane Tower | 3 | |
| Arcane Vault | 1 | |
| Town Hall | 2 | |
| Keep | 1 | |
| Blacksmith | 2 | |
| Castle | 1 | |
| Gryphon Aviary | 2 | |
| Workshop | 1 | |
31 total
» build order
00:13 Lumber Mill
00:52 Altar of Kings
01:08 Farm
01:23 Barracks
01:45 Farm
01:53 Scout Tower
02:21 Farm
02:24 Scout Tower
02:26 Arcane Tower
02:55 Arcane Tower
03:06 Farm
03:44 Farm
03:52 Arcane Vault
04:55 Town Hall
05:51 Keep
06:28 Blacksmith
06:31 Blacksmith
06:56 Lumber Mill
08:02 Farm
08:37 Castle
08:47 Gryphon Aviary
08:49 Gryphon Aviary
08:53 Workshop
11:09 Barracks
11:12 Farm
12:26 Farm
13:14 Farm
15:26 Farm
15:29 Farm
24:02 Town Hall
» items
| Boots of Speed | 2 | |
| Circlet of Nobility | 4 | |
| Dust of Appearance | 1 | |
| Lesser Clarity Potion | 4 | |
| Orb of Fire | 3 | |
| Scroll of Regeneration | 3 | |
| Scroll of Town Portal | 2 | |
| Potion of Healing | 1 | |
| Potion of Mana | 1 | |
21 total
team 2 (winner)
Ownage741852963 (
purple | 36 APM | 2083 actions | 57:14)
2 Death Knight
1 Death Coil
1 Unholy Aura
2 Lich
1 Frost Nova
1 Frost Armor
» actions
| Assign group hotkey | 20 | |
| Build / train | 68 | |
| ESC pressed | 24 | |
| Enter build submenu | 40 | |
| Enter hero's abilities submenu | 4 | |
| Right click | 826 | |
| Select / deselect | 677 | |
| Select group hotkey | 337 | |
| Use ability | 87 | |
2083 total
» units
| Acolyte | 11 | |
| Ghoul | 11 | |
| Crypt Fiend | 22 | |
| Frost Wyrm | 4 | |
48 total
» upgrades
| Creature Attack | 2 | |
| Creature Carapace | 2 | |
| Web | 1 | |
| Burrow | 1 | |
| Freezing Breath | 1 | |
7 total
» buildings
| Ziggurat | 17 | |
| Altar of Darkness | 4 | |
| Crypt | 5 | |
| Graveyard | 2 | |
| Halls of the Dead | 1 | |
| Tomb of Relics | 1 | |
| Nerubian Tower | 1 | |
| Sacrificial Pit | 1 | |
| Black Citadel | 1 | |
| Spirit Tower | 3 | |
| Boneyard | 2 | |
| Necropolis | 1 | |
39 total
» build order
00:55 Ziggurat
00:57 Altar of Darkness
01:01 Altar of Darkness
01:06 Crypt
01:10 Ziggurat
01:21 Graveyard
01:43 Crypt
03:47 Ziggurat
04:55 Halls of the Dead
05:10 Tomb of Relics
05:22 Nerubian Tower
06:48 Ziggurat
07:52 Sacrificial Pit
09:00 Black Citadel
10:21 Spirit Tower
10:24 Ziggurat
10:25 Ziggurat
10:29 Ziggurat
10:30 Ziggurat
11:11 Ziggurat
11:22 Boneyard
11:23 Boneyard
11:30 Ziggurat
11:31 Ziggurat
12:45 Ziggurat
16:14 Spirit Tower
17:13 Spirit Tower
18:41 Crypt
18:42 Altar of Darkness
18:45 Ziggurat
18:46 Ziggurat
18:48 Ziggurat
18:51 Crypt
22:17 Necropolis
22:19 Crypt
22:20 Altar of Darkness
23:30 Ziggurat
23:32 Ziggurat
24:32 Graveyard
» items

»
DOGFUNK (
teal | 83 APM | 4761 actions | 57:14)
9 Tauren Chieftain
3 War Stomp
3 Endurance Aura
1 Reincarnation
2 Shockwave
6 Shadow Hunter
3 Hex
3 Healing Wave
5 Dark Ranger
3 Silence
2 Life Drain
» actions
| Assign group hotkey | 468 | |
| Basic commands | 465 | |
| Build / train | 129 | |
| ESC pressed | 10 | |
| Enter build submenu | 52 | |
| Enter hero's abilities submenu | 20 | |
| Give item / drop item | 1 | |
| Right click | 1505 | |
| Select / deselect | 615 | |
| Select group hotkey | 1135 | |
| Use ability | 361 | |
4761 total
» units
| Peon | 17 | |
| Grunt | 3 | |
| Wind Rider | 15 | |
| Shaman | 5 | |
| Troll Witch Doctor | 2 | |
| Spirit Walker | 3 | |
45 total
» upgrades
| Armor | 2 | |
| Shaman Training | 2 | |
| Witch Doctor Training | 2 | |
| Envenomed Spears | 1 | |
| Spirit Walker Training | 2 | |
| Ranged Weapons | 3 | |
| Reinforced Defenses | 1 | |
13 total
» buildings
| Altar of Storms | 3 | |
| Orc Burrow | 16 | |
| Barracks | 1 | |
| Voodoo Lounge | 1 | |
| Great Hall | 11 | |
| Stronghold | 7 | |
| War Mill | 2 | |
| Fortress | 2 | |
| Spirit Lodge | 3 | |
| Beastiary | 3 | |
| Watch Tower | 5 | |
54 total
» build order
00:04 Altar of Storms
00:08 Orc Burrow
00:40 Barracks
01:33 Orc Burrow
01:45 Voodoo Lounge
04:27 Great Hall
04:54 Stronghold
04:54 Stronghold
04:54 Stronghold
05:18 War Mill
05:23 Orc Burrow
07:50 Fortress
07:50 Fortress
08:17 Spirit Lodge
08:22 Spirit Lodge
08:24 Spirit Lodge
08:51 Beastiary
08:55 Beastiary
08:59 Orc Burrow
09:02 Orc Burrow
10:23 Watch Tower
10:25 Watch Tower
10:26 Watch Tower
10:31 Watch Tower
10:33 Watch Tower
13:56 Orc Burrow
19:49 Beastiary
21:23 Orc Burrow
22:44 Great Hall
32:02 Altar of Storms
32:07 Altar of Storms
32:23 Orc Burrow
32:43 Orc Burrow
33:10 Orc Burrow
33:41 Orc Burrow
33:44 Orc Burrow
33:47 Orc Burrow
34:09 Orc Burrow
39:52 Stronghold
39:52 Stronghold
39:56 Orc Burrow
39:57 Orc Burrow
42:06 War Mill
48:58 Great Hall
49:04 Great Hall
49:16 Great Hall
49:23 Great Hall
50:28 Great Hall
51:17 Great Hall
51:23 Great Hall
51:52 Great Hall
54:22 Great Hall
» items
| Healing Salve | 3 | |
| Lesser Clarity Potion | 2 | |
| Scroll of Speed | 1 | |
| Scroll of Town Portal | 4 | |
| Periapt of Vitality | 1 | |
| Orb of Venom | 1 | |
12 total
MikeohSSF4 (
yellow | 33 APM | 1880 actions | 57:14)
10 Archmage
3 Summon Water Elemental
3 Brilliance Aura
1 Mass Teleport
3 Blizzard
2 Paladin
1 Holy Light
1 Devotion Aura
» actions
| Assign group hotkey | 27 | |
| Basic commands | 20 | |
| Build / train | 69 | |
| Enter build submenu | 26 | |
| Enter hero's abilities submenu | 12 | |
| Give item / drop item | 1 | |
| Right click | 993 | |
| Select / deselect | 302 | |
| Select group hotkey | 281 | |
| Use ability | 149 | |
1880 total
» units
| Peasant | 12 | |
| Footman | 12 | |
| Gryphon Rider | 4 | |
28 total
» upgrades
| Lumber Harvesting | 1 | |
| Swords | 1 | |
| Plating | 1 | |
| Masonry | 1 | |
| Storm Hammers | 1 | |
| Armor | 1 | |
6 total
» buildings
| Altar of Kings | 1 | |
| Barracks | 2 | |
| Farm | 10 | |
| Arcane Vault | 1 | |
| Keep | 2 | |
| Scout Tower | 7 | |
| Lumber Mill | 2 | |
| Arcane Tower | 1 | |
| Blacksmith | 2 | |
| Town Hall | 1 | |
| Guard Tower | 3 | |
| Castle | 1 | |
| Gryphon Aviary | 4 | |
37 total
» build order
00:09 Altar of Kings
00:11 Barracks
00:22 Farm
00:46 Farm
01:38 Arcane Vault
02:49 Farm
04:06 Farm
04:08 Farm
04:09 Farm
04:12 Keep
05:30 Scout Tower
05:44 Lumber Mill
05:59 Arcane Tower
07:24 Blacksmith
07:29 Blacksmith
07:51 Farm
07:53 Farm
07:54 Farm
10:40 Town Hall
10:53 Barracks
11:38 Keep
11:59 Farm
12:29 Scout Tower
12:31 Scout Tower
12:32 Scout Tower
12:33 Scout Tower
12:37 Scout Tower
12:38 Scout Tower
13:31 Guard Tower
13:56 Guard Tower
13:58 Guard Tower
14:39 Castle
15:48 Gryphon Aviary
15:54 Gryphon Aviary
21:23 Lumber Mill
23:13 Gryphon Aviary
23:15 Gryphon Aviary
» items
| Scroll of Regeneration | 4 | |
| Mechanical Critter | 1 | |
| Lesser Clarity Potion | 3 | |
| Potion of Healing | 1 | |
| Potion of Mana | 2 | |
| Orb of Fire | 1 | |
| Scroll of Town Portal | 2 | |
14 total
Deathmask (
orange | 108 APM | 6200 actions | 57:15)
10 Warden
3 Fan of Knives
3 Blink
3 Shadow Strike
1 Spirit of Vengeance
» actions
| Assign group hotkey | 697 | |
| Basic commands | 147 | |
| Build / train | 140 | |
| Enter build submenu | 80 | |
| Enter hero's abilities submenu | 11 | |
| Give item / drop item | 7 | |
| Remove unit from queue | 5 | |
| Right click | 3873 | |
| Select / deselect | 469 | |
| Select group hotkey | 258 | |
| Use ability | 513 | |
6200 total
» units
| Wisp | 68 | |
| Archer | 7 | |
| Dryad | 8 | |
| Goblin Zeppelin | 1 | |
84 total
» upgrades
| Ultravision | 1 | |
| Nature's Blessing | 1 | |
| Strength of the Wild | 3 | |
| Reinforced Hides | 3 | |
| Abolish Magic | 1 | |
| Well Spring | 1 | |
10 total
» buildings
| Moon Well | 42 | |
| Altar of Elders | 1 | |
| Ancient of War | 1 | |
| Ancient of Wonders | 1 | |
| Hunter's Hall | 2 | |
| Tree of Life | 7 | |
| Tree of Ages | 1 | |
| Ancient Protector | 22 | |
| Tree of Eternity | 1 | |
| Ancient of Lore | 7 | |
85 total
» build order
00:04 Moon Well
00:36 Altar of Elders
00:53 Moon Well
01:32 Ancient of War
01:49 Moon Well
02:20 Moon Well
02:26 Moon Well
03:01 Moon Well
04:14 Moon Well
04:19 Moon Well
05:07 Moon Well
05:42 Ancient of Wonders
05:54 Hunter's Hall
06:51 Tree of Life
07:20 Tree of Ages
07:28 Ancient Protector
07:30 Ancient Protector
09:45 Ancient Protector
10:13 Ancient Protector
10:57 Ancient Protector
10:58 Ancient Protector
10:58 Ancient Protector
10:58 Ancient Protector
10:59 Ancient Protector
11:14 Ancient Protector
11:15 Ancient Protector
11:20 Ancient Protector
12:06 Ancient Protector
12:48 Moon Well
12:49 Moon Well
12:50 Moon Well
12:51 Moon Well
12:51 Moon Well
12:52 Moon Well
12:53 Moon Well
12:53 Moon Well
12:54 Moon Well
12:55 Moon Well
12:55 Moon Well
12:55 Moon Well
14:23 Moon Well
18:29 Ancient Protector
18:32 Ancient Protector
18:33 Ancient Protector
18:34 Ancient Protector
18:35 Ancient Protector
18:53 Tree of Eternity
20:34 Ancient of Lore
20:35 Ancient of Lore
22:24 Ancient of Lore
22:25 Ancient of Lore
22:27 Ancient of Lore
25:45 Moon Well
25:46 Moon Well
25:46 Moon Well
27:37 Moon Well
27:37 Moon Well
27:37 Moon Well
27:38 Moon Well
27:39 Moon Well
27:39 Moon Well
27:41 Moon Well
27:42 Moon Well
27:42 Moon Well
29:55 Ancient of Lore
29:57 Ancient of Lore
31:20 Ancient Protector
31:20 Ancient Protector
31:21 Ancient Protector
41:21 Hunter's Hall
41:55 Tree of Life
42:32 Tree of Life
43:06 Ancient Protector
47:46 Moon Well
47:47 Moon Well
47:48 Moon Well
47:49 Moon Well
47:49 Moon Well
49:43 Tree of Life
50:10 Moon Well
50:12 Moon Well
50:31 Tree of Life
52:28 Tree of Life
52:42 Moon Well
52:56 Tree of Life
» items
| Boots of Speed | 1 | |
| Staff of Teleportation | 1 | |
| Potion of Invisibility | 6 | |
| Potion of Lesser Invulnerability | 1 | |
| Scroll of Healing | 2 | |
| Potion of Mana | 5 | |
| Orb of Corruption | 1 | |
| Scroll of Town Portal | 6 | |
| Potion of Healing | 2 | |
25 total
Chat log
(00:11 / Allies) Deathmask: meant to pick solo
(00:19 / Allies) DOGFUNK: life is hard bro
(00:25 / Allies) DOGFUNK: play solo against the guy next to you
(00:27 / Allies) DOGFUNK: we can hit bottom
(01:01 / Allies) DOGFUNK: purps using a builder aco
(01:07 / Allies) DOGFUNK: im kinda uneasy.
(01:08 / Allies) DOGFUNK: lol
(01:12 / Allies) Ownage741852963: ?
(01:54 / Allies) MikeohSSF4: Yeah what is wrong with that btw
(01:58 / Allies) DOGFUNK: oh god.
(02:04 / Allies) MikeohSSF4: Most good UD you see do it
(02:14 / Allies) DOGFUNK: because youre 5-4
(02:16 / Allies) DOGFUNK: you only play with trash
(02:18 / Allies) DOGFUNK: no offene
(02:20 / Allies) MikeohSSF4: It's 4v4
(02:21 / Allies) DOGFUNK: seriously
(02:23 / Allies) MikeohSSF4: I play solo
(02:26 / Allies) DOGFUNK: no you dont
(02:28 / Allies) DOGFUNK: i just stat'd u
(02:28 / Allies) Ownage741852963: i dont get wats going on
(02:30 / Allies) MikeohSSF4: Yes I do
(02:35 / Allies) MikeohSSF4: I literally just made this account
(02:40 / Allies) DOGFUNK: 9 games ago
(02:50 / Allies) MikeohSSF4: yes
(03:12 / Allies) MikeohSSF4: purp
(03:15 / All) AirborneSwine: lol
(03:15 / Allies) MikeohSSF4: Yoiu can take that
(03:30 / All) Deathmask: great
(03:33 / All) bulbasaur_pwns: nice oj
(04:35 / All) Deathmask: not one but two retardds harassing level 1
(04:39 / All) Deathmask: and get lucky
(04:46 / All) bulbasaur_pwns: yep
(04:57 / Allies) MikeohSSF4: You have dust purp
(04:59 / All) bulbasaur_pwns: caught us
(06:19 / Allies) DOGFUNK: whoops
(06:29 / Allies) Deathmask: gold
(07:05 / Allies) MikeohSSF4: strength
(07:15 / Allies) Deathmask: lumber
(10:06 / All) Deathmask: |faggot
(10:28 / All) Deathmask: and bats lawl
(11:43 / Allies) DOGFUNK: anyone got any wood?
(11:52 / Allies) DOGFUNK: ty
(14:40 / Allies) DOGFUNK: im ready whenever
(14:53 / Allies) Ownage741852963: lum plz
(14:54 / Allies) MikeohSSF4: thx
(15:02 / Allies) Ownage741852963: ty
(15:21 / Allies) MikeohSSF4: purp
(15:29 / Allies) Ownage741852963: ?
(15:30 / Allies) MikeohSSF4: I'm gonna make some hawks too so easyw ith web right when we hit
(15:32 / Allies) MikeohSSF4: Then after a second web
(15:52 / Allies) DOGFUNK: GO
(15:53 / Allies) DOGFUNK: GO
(16:14 / Allies) MikeohSSF4: oj ill heal you
(18:04 / All) Deathmask: tt
(18:10 / Allies) DOGFUNK: relax
(18:12 / Allies) MikeohSSF4: My fault
(18:13 / Allies) DOGFUNK: we'll be fine prolly.
(18:15 / Allies) MikeohSSF4: Took too long to recoup
(18:18 / Allies) MikeohSSF4: After hall
(20:12 / All) bulbasaur_pwns: ur so good oj haha
(20:12 / Allies) Ownage741852963: oj maybe u should get some units
(20:26 / Allies) MikeohSSF4: Thats a lotta moon wells
(22:30 / Allies) Ownage741852963: gold plz
(22:37 / Allies) Ownage741852963: ty
(23:46 / Allies) MikeohSSF4: God damn MK
(23:53 / Allies) Deathmask: bolt is ridic
(23:55 / Allies) DOGFUNK: right? haha
(24:07 / Allies) DOGFUNK: orange
(24:08 / Allies) MikeohSSF4: They need to tone him and BM down so bad
(24:09 / Allies) DOGFUNK: gold for some units?
(24:17 / Allies) Ownage741852963: oj get some chims or bears
(24:32 / Allies) MikeohSSF4: Im gold fucked now
(24:34 / Allies) MikeohSSF4: Can't expo
(24:56 / Allies) MikeohSSF4: I think it's over now
(24:59 / Allies) Deathmask: b
(25:03 / Allies) DOGFUNK: gio
(25:03 / Allies) DOGFUNK: go
(25:25 / Allies) DOGFUNK: b
(25:27 / All) bulbasaur_pwns: hi teal!
(25:28 / All) MikeohSSF4: gg
(25:31 / All) bulbasaur_pwns: fuck off
(25:37 / All) MikeohSSF4: Pink won it tho
(25:40 / All) MikeohSSF4: 100%
(25:45 / All) MikeohSSF4: sooooo gg pink lol
(25:48 / All) MikeohSSF4: wp
(26:18 / All) Deathmask: I needed more moonwelsl
(26:32 / All) MikeohSSF4: Knights and raiders losing to casters
(26:35 / All) MikeohSSF4: up top
(26:40 / All) Ownage741852963: haha
(26:53 / All) AirborneSwine: not exactly
(26:55 / All) Deathmask: oh
(26:58 / All) MikeohSSF4: Down below lol
(27:20 / All) MikeohSSF4: lol
(27:29 / Allies) MikeohSSF4: Teal you're not actually too bad
(27:34 / Allies) MikeohSSF4: I don't get to say that too much in 4v4
(27:40 / Allies) DOGFUNK: bro
(27:42 / Allies) DOGFUNK: you got one hero.
(27:43 / Allies) DOGFUNK: -.-
(27:46 / Allies) MikeohSSF4: I'm dead
(27:47 / Allies) MikeohSSF4: I had 2
(27:54 / Allies) MikeohSSF4: lol
(27:56 / Allies) MikeohSSF4: I mean
(27:57 / Allies) MikeohSSF4: No bsae
(27:58 / Allies) MikeohSSF4: base*
(28:07 / All) AznVen: ;P;
(28:09 / Allies) MikeohSSF4: I'm lucky I got this one
(28:10 / Allies) Ownage741852963: y they leaving?
(28:11 / All) AznVen: Loool
(28:17 / Allies) DOGFUNK: cuz we win
(28:18 / Allies) DOGFUNK: lololol
(28:22 / All) Deathmask: bastard
(28:41 / Allies) Ownage741852963: u need to kill pink to win
(28:51 / Allies) MikeohSSF4: Yeah
(28:56 / Allies) Ownage741852963: dont mass air
(29:00 / Allies) DOGFUNK: i can do that
(29:02 / Allies) MikeohSSF4: free expo
(29:04 / Allies) MikeohSSF4: xp*
(29:06 / Allies) DOGFUNK: first that am
(29:18 / Allies) DOGFUNK: b
(29:32 / Allies) Ownage741852963: if oj masses dryads
(29:38 / Allies) Ownage741852963: they wont b able to do much
(29:41 / Allies) MikeohSSF4: Drys would be killer right now
(29:48 / Allies) Deathmask: gold me
(29:56 / Allies) MikeohSSF4: You're at 35 food lol
(30:13 / All) Deathmask: you guys mass gay
(31:35 / Allies) Deathmask: kill their expos after
(31:47 / Allies) Ownage741852963: cancel
(31:50 / Allies) MikeohSSF4: oj take expos
(31:51 / Allies) MikeohSSF4: Mass drys
(32:07 / Allies) Ownage741852963: hero chase
(32:14 / Allies) DOGFUNK: i need my heros back O_O
(32:32 / Allies) MikeohSSF4: fuck
(32:48 / Allies) MikeohSSF4: We need teal to rebuild
(33:30 / Allies) Deathmask: hate tanks
(33:33 / Allies) DOGFUNK: orange maybe you should get a vitality
(33:33 / Allies) DOGFUNK: lol
(33:40 / Allies) Deathmask: no gold anymore
(34:41 / All) Deathmask: whoops
(34:58 / Allies) DOGFUNK: omg
(35:10 / Allies) Ownage741852963: tat might b game
(37:18 / All) Deathmask: god need lots mroe moonwells
(37:20 / All) Deathmask: fucking tnaks
(37:51 / Allies) MikeohSSF4: rofl
(37:53 / Allies) DOGFUNK: wow
(37:54 / Allies) DOGFUNK: lmfao
(38:01 / Allies) Deathmask: he whispered me lalw
(38:09 / Allies) DOGFUNK: about what
(38:17 / Allies) DOGFUNK: he must be raging
(38:21 / Allies) Deathmask: says he hopes to see me to tk me
(38:26 / Allies) DOGFUNK: why
(38:26 / Allies) Deathmask: I mean they won they got hte gold
(38:36 / Allies) MikeohSSF4: Terrible unit control
(38:37 / Allies) DOGFUNK: no idea why they left.
(38:38 / Allies) DOGFUNK: lol
(38:49 / Allies) MikeohSSF4: They lost so many battles they shoulda won
(38:52 / Allies) MikeohSSF4: But they kept funneling
(38:54 / Allies) MikeohSSF4: And dying
(39:00 / Allies) DOGFUNK: i cant believe
(39:04 / Allies) DOGFUNK: they lost
(39:05 / Allies) DOGFUNK: any battles
(39:06 / Allies) DOGFUNK: lol
(39:24 / Allies) MikeohSSF4: i hope he doesn't start hitting me
(39:24 / Allies) MikeohSSF4: rofl
(39:31 / Allies) MikeohSSF4: trapper
(39:33 / Allies) MikeohSSF4: trapped*
(39:58 / Allies) MikeohSSF4: We gotta hit
(40:19 / Allies) MikeohSSF4: If you 2 rebuild a bit
(40:21 / Allies) MikeohSSF4: We win easy
(41:00 / Allies) MikeohSSF4: omw
(41:36 / Allies) Deathmask: tp there
(41:39 / Allies) Deathmask: before tower finish
(42:42 / Allies) MikeohSSF4: You got level 3 heal teal?
(42:45 / Allies) DOGFUNK: yeah
(42:48 / Allies) MikeohSSF4: Nice
(42:50 / Allies) DOGFUNK: -.-
(43:13 / Allies) DOGFUNK: we gotta kill reds production
(43:16 / Allies) DOGFUNK: cuz hes gunna beat us this way
(43:16 / Allies) DOGFUNK: lol
(43:18 / Allies) Deathmask: just expos
(43:28 / Allies) Deathmask: clear a sheddar and I can build on the ledge
(44:05 / Allies) MikeohSSF4: Ill tp to you teal
(44:07 / All) Deathmask: STOP KILLING MY JUICE
(45:10 / Allies) DOGFUNK: everyone on pinks heros
(45:12 / Allies) DOGFUNK: focus pally
(45:14 / Allies) DOGFUNK: imma silence
(45:14 / Allies) DOGFUNK: and
(45:15 / Allies) DOGFUNK: hex
(45:48 / Allies) DOGFUNK: raped
(45:49 / Allies) MikeohSSF4: NICE
(46:05 / Allies) MikeohSSF4: We GOTTA kill pink now
(46:53 / Allies) MikeohSSF4: repair
(47:02 / Allies) DOGFUNK: run yellow
(47:04 / Allies) DOGFUNK: to me
(47:36 / Allies) Deathmask: wait for his shit to wear off
(47:48 / Allies) MikeohSSF4: lol
(47:51 / Allies) MikeohSSF4: like that cut off
(48:01 / Allies) DOGFUNK: b
(48:16 / Allies) Deathmask: when his avatar wears off focus his mk
(48:17 / Allies) DOGFUNK: NOW
(49:22 / Allies) Deathmask: clear goblin shop
(49:31 / Allies) Ownage741852963: buold some building
(49:33 / Allies) Ownage741852963: b4 they al die
(50:12 / Allies) MikeohSSF4: If we win this
(50:59 / All) DOGFUNK: gg trash
(51:37 / Allies) MikeohSSF4: I so rarely get a level 10 AM
(51:51 / Allies) MikeohSSF4: All it does is make me wish I went MK 1st
(53:36 / Allies) Deathmask: cancel it
(53:59 / Allies) MikeohSSF4: We gotta kill em
(54:14 / Allies) DOGFUNK: how the fuck
(54:15 / Allies) DOGFUNK: does he know
(54:31 / Allies) DOGFUNK: we gotta kill the workshops
(54:38 / Allies) DOGFUNK: yellow
(54:43 / Allies) DOGFUNK: the priority
(54:44 / Allies) DOGFUNK: is red
(55:25 / Allies) Deathmask: damn need kotg
(56:12 / Allies) MikeohSSF4: 705 mana with no mana items wtf
(56:39 / Allies) DOGFUNK: i need wood
(57:07 / Allies) DOGFUNK: lol
(57:09 / Allies) DOGFUNK: raped